 Dungeon Crawl Stone Soup version 0.18.1-50-g88ac8fd (webtiles) character file.

3647 nikopol the Cleaver (level 9, -2/83 HPs)
             Began as a Minotaur Berserker on Sept 26, 2016.
             Was a High Priest of Trog.
             Killed from afar by an orc wizard (7 damage)
             ... with a magic dart
             ... on level 9 of the Dungeon.
             The game lasted 00:16:57 (6987 turns).

nikopol the Cleaver (Minotaur Berserker)            Turns: 6987, Time: 00:16:57

Health: -2/83      AC:  8    Str: 28    XL:     9   Next: 88%
Magic:  8/8        EV: 15    Int:  4    God:    Trog [*****.]
Gold:   323        SH:  0    Dex: 12    Spells: 0 memorised, 8 levels left

rFire  . . .     SeeInvis .     a - +0 war axe
rCold  . . .     Gourm    .     j - +0 ring mail (curse)
rNeg   . . .     Faith    .     (no shield)
rPois  .         Spirit   .     (helmet restricted)
rElec  .         Dismiss  .     (no cloak)
rCorr  .         Reflect  .     (no gloves)
SustAt .         Harm     .     k - +0 pair of boots
MR     .....                    (no amulet)
Stlth  +.........               (no ring)
                                g - +5 ring of strength

@: not resistant to hostile enchantments, very unstealthy
A: retaliatory headbutt, horns 2
a: Berserk, Trog's Hand, Brothers in Arms, Burn Spellbooks, Renounce Religion


You were on level 9 of the Dungeon.
You worshipped Trog.
Trog was extremely pleased with you.
You were near starving.

You visited 1 branch of the dungeon, and saw 9 of its levels.

You collected 446 gold pieces.
You spent 123 gold pieces at shops.

Inventory:

Hand Weapons
 a - a +0 war axe (weapon)
 z - a +0 shortbow
 A - a +0 hand axe
Missiles
 t - 107 arrows (quivered)
Armour
 b - a +0 animal skin
 j - a cursed +0 ring mail (worn)
 k - a +0 pair of boots (worn)
 p - a +2 ring mail of cold resistance
Jewellery
 g - a +5 ring of strength (left hand)
 y - a +2 ring of dexterity {unknown}
Wands
 H - a wand of random effects (21/48)
 L - a wand of polymorph (8/24)
 M - a wand of random effects (21/48)
Scrolls
 d - a scroll of noise {unknown}
 e - 7 scrolls of identify
 n - 7 scrolls of remove curse {unknown}
 q - 5 scrolls of teleportation {unknown}
 r - 2 scrolls of fear {unknown}
 s - 3 scrolls of magic mapping {unknown}
 v - 2 scrolls of enchant weapon {unknown}
 x - 3 scrolls of random uselessness {unknown}
 B - a scroll of fog {unknown}
 E - 4 scrolls of enchant armour
 F - a scroll of blinking {unknown}
 J - 2 scrolls of recharging {unknown}
Potions
 f - 5 potions of curing {unknown}
 h - 3 potions of might {unknown}
 l - 2 potions of resistance {unknown}
 m - a potion of berserk rage {unknown}
 o - a potion of invisibility {unknown}
 u - 3 potions of flight {unknown}
 w - 4 potions of heal wounds {unknown}
 C - a potion of degeneration {unknown}
 D - 3 potions of agility {unknown}
 G - 2 potions of brilliance {unknown}
Comestibles
 c - 4 bread rations
 i - 6 meat rations
 K - a beef jerky
 N - a slice of pizza


   Skills:
 + Level 9.0 Fighting
 + Level 9.3 Axes
 + Level 8.9 Armour
 + Level 8.3 Dodging


You had 8 spell levels left.
You didn't know any spells.

Dungeon Overview and Level Annotations

Branches:
Dungeon (9/15)             Temple (0/1) D:7            Lair (0/8) D:9
    Orc: D:9-12

Altars:
Ashenzari
Fedhas
Gozag
Kikubaaqudgha
Ru
Sif Muna
Zin
The Shining One

Shops:
D:8 ?


Innate Abilities, Weirdness & Mutations

You reflexively headbutt those who attack you in melee.
You have a pair of horns on your head.


Message History

You closely miss the orc warrior.
The orc warrior is lightly wounded.
The orc wizard mumbles some strange words.
The orc wizard seems to speed up.
The orc wizard hits you with a dagger. The orc warrior completely misses you.
You furiously retaliate!
You headbutt the orc warrior. You barely miss the orc wizard.
You headbutt the orc wizard, but do no damage.
The orc wizard is heavily wounded.
You hit the orc warrior but do no damage.
The orc warrior is moderately wounded.
The orc wizard points at you and mumbles some strange words.
The puff of flame hits you!
* * * LOW HITPOINT WARNING * * *
The orc warrior hits you with a morningstar of protection!
* * * LOW HITPOINT WARNING * * *
You're too hungry to go berserk.
The orc wizard gestures at you while chanting.
The magic dart hits you!
You die...

#.##.##.# #>##.##. #
#.##.# #.......
..##.# #.#()###
#.###.# #.#).#
##.#)###.# ..#.(#
#........# ######.(#
#.##.##.## #.......#
#.##.### ##.####.##
#..)@..###...###.#
####.#...........#
.o..o.oo#####...#####
##.###### ##.## #...#
#...# #...# #>##
#...# #... #...# ###.


You could see an orc warrior and an orc wizard.

Vanquished Creatures
  A troll (D:9)
  A two-headed ogre (D:9)
  Sigmund (D:2)
  2 water moccasins (D:8)
  2 ice beasts
  2 sky beasts
  A wasp (D:9)
  An ogre (D:8)
  2 phantoms (D:8)
  2 centaurs (D:8)
  A big kobold (D:9)
  5 giant frogs
  A gnoll sergeant (D:6)
  4 scorpions
  A killer bee (D:7)
  4 howler monkeys
  A quasit (D:8)
  6 hounds
  2 jellies (D:7)
  A centaur skeleton (D:4)
  A gnoll shaman (D:5)
  4 giant frog skeletons
  5 iguanas
  5 orc wizards
  6 worker ants
  2 hound zombies (D:5)
  A howler monkey skeleton (D:7)
  7 gnolls
  5 adders
  A shadow imp (D:5)
  An ooze (D:4)
  3 adder zombies
  3 worms
  A dart slug (D:3)
  3 giant geckos
  17 orcs
  8 bats
  9 giant cockroaches
  16 goblins
  11 hobgoblins
  3 jackals (D:7)
  16 kobolds
  5 quokkas
  2 ball pythons
  A giant gecko zombie (D:6)
  4 giant newts
  2 jackal skeletons
  A quokka skeleton (D:8)
  11 rats
195 creatures vanquished.

Notes
Turn   | Place    | Note
--------------------------------------------------------------
     0 | D:1      | nikopol the Minotaur Berserker began the quest for the Orb.
     0 | D:1      | Reached XP level 1. HP: 19/19 MP: 0/0
    79 | D:1      | Reached XP level 2. HP: 13/27 MP: 1/1
   690 | D:1      | Reached ** piety under Trog
   723 | D:1      | Reached XP level 3. HP: 33/33 MP: 2/2
  1221 | D:2      | Noticed Sigmund
  1235 | D:2      | Killed Sigmund
  1235 | D:2      | Reached XP level 4. HP: 32/41 MP: 3/3
  1235 | D:2      | Reached XP level 5. HP: 37/47 MP: 4/4
  1337 | D:2      | Reached skill level 5 in Axes
  1856 | D:3      | Reached *** piety under Trog
  1917 | D:3      | Reached skill level 5 in Fighting
  2350 | D:3      | Reached XP level 6. HP: 56/56 MP: 5/5
  3099 | D:4      | Found an ancient bone altar of Kikubaaqudgha.
  3099 | D:4      | Found a blossoming altar of Fedhas.
  3101 | D:4      | Found a sacrificial altar of Ru.
  3101 | D:4      | Found an opulent altar of Gozag.
  3117 | D:4      | Reached **** piety under Trog
  3118 | D:4      | Found a shattered altar of Ashenzari.
  3423 | D:4      | Found a glowing silver altar of Zin.
  3424 | D:4      | Found a glowing golden altar of the Shining One.
  3540 | D:4      | Reached XP level 7. HP: 52/61 MP: 6/6
  3611 | D:4      | Reached skill level 5 in Armour
  3721 | D:5      | Entered Level 5 of the Dungeon
  3739 | D:5      | Reached skill level 5 in Dodging
  4623 | D:6      | Reached XP level 8. HP: 68/71 MP: 7/7
  4925 | D:7      | Found a runed door.
  4946 | D:7      | Found a runed door.
  5211 | D:7      | Found a staircase to the Ecumenical Temple.
  5304 | D:7      | Found a deep blue altar of Sif Muna.
  5504 | D:8      | Reached XP level 9. HP: 80/80 MP: 8/8
  6021 | D:8      | Found Exze's Magic Scroll Shop.
  6033 | D:8      | Bought a scroll of identify for 26 gold pieces
  6033 | D:8      | Bought a scroll of enchant armour for 97 gold pieces
  6526 | D:9      | Found a staircase to the Lair.
  6602 | D:9      | Reached ***** piety under Trog
  6712 | D:9      | Paralysed by a wasp for 3 turns
  6856 | D:9      | Noticed a troll
  6864 | D:9      | Killed a troll
  6987 | D:9      | Killed from afar by an orc wizard

Skill      XL: |  1  2  3  4  5  6  7  8  9 |
---------------+----------------------------+-----
Armour         | 3 4 6 7 8 |  8.9
Fighting       | 4 5 6 7 9 |  9.0
Axes           | 4 5 6 8 9 |  9.3
Dodging        | 3 4 5 6 8 |  8.3

Action                   |  1- 3 |  4- 6 |  7- 9 || total
-------------------------+-------+-------+-------++-------
Melee: Hand axe          |   103 |   130 |     1 ||   234
       Headbutt          |    12 |    27 |    48 ||    87
       War axe           |       |       |   226 ||   226
 Fire: Shortbow          |       |       |    47 ||    47
Invok: Berserk           |     1 |     1 |     3 ||     5
  Eat: Beef jerky        |     1 |       |       ||     1
       Chunk             |       |     8 |    12 ||    20
       Pizza             |       |       |     1 ||     1
Armor: Animal skin       |     6 |       |       ||     6
       Ring mail         |     5 |    36 |    83 ||   124
Dodge: Dodged            |    60 |   105 |   190 ||   355
